[Event "*** Titled Tuesday Blitz"]
[Site "Chess.com"]
[Date "2020.11.03"]
[Round "11"]
[White "Guenplen"]
[Black "FairChess_on_YouTube"]
[Result "0-1"]
[WhiteElo "2892"]
[BlackElo "3001"]
[TimeControl "180+1"]
[EndTime "12:12:06 PST"]
[Termination "FairChess_on_YouTube won by checkmate"]

1. d4 g6 2. Bf4 Bg7 3. c3 d6 4.
Nf3 Nd7 5. e4 e5 6. dxe5 dxe5 7.
Be3 Ngf6 8. Nbd2 Ng4 9. Bg5 Bf6 10. Bxf6 Ngxf6 11. Be2 Qe7 12. O-O b6 13. Qa4 Bb7 14. Ba6 Bxa6 15. Qxa6 O-O 16. b4 Rfd8 17. Rfd1 Nf8 18.
Qc4 Rd6 19. Nf1 Rad8 20. Rxd6 cxd6 21. Ne3 Ne6 22. Rd1 Qb7 23. Nd5 Nxd5 24. Qxd5 Qxd5 25. Rxd5 Nf4 26. Rd2 Rc8 27. Rxd6 Ne2+ 28. Kf1 Nxc3 29. Nxe5 Nxa2 30. Rd7 Nxb4 31. Nxf7 a5 32. Nh6+ Kf8 33. Rxh7 Rc2 34. e5 Nd3 35. Ng4 a4 36. g3 a3 37.
e6 Rc1+ 38. Kg2 Re1 39. Rf7+ Ke8 40. Nf6+ Kd8 41. e7+ Rxe7 42. Rf8+ Kc7 43. Nd5+ Kb7 44. Nc3 Rc7 45. Nb5 a2 46. Nd6+ Kc6 47. Ra8 Kxd6 48. Rxa2 b5 49. Ra6+ Rc6 50. Ra8 b4 51. Rd8+ Kc5 52.
Rxd3 Kc4 53. Rd1 b3 54. Rc1+ Kb5 55. Rb1 Kb4 56. Kf3 Ka3 57. Kg4 Ka2 58. Rd1 b2 59. f4 Rc1 60. Rd2 Kb3 61. Rxb2+ Kxb2 62. Kg5 Rc6 63.
g4 Kc3 64. f5 gxf5 65. Kxf5 Kd4 66. g5 Rc5+ 67. Kf6 Ke4 68. g6 Rc6+ 69. Ke7 Ke5 70. g7 Rc7+ 71. Kf8 Kf6 72. g8=Q Rc8# 0-1

[Event "*** Titled Tuesday Blitz"]
[Site "Chess.com"]
[Date "2020.11.03"]
[Round "11"]
[White "emiliochess"]
[Black "tteshan"]
[Result "1/2-1/2"]
[WhiteElo "2259"]
[BlackElo "2353"]
[TimeControl "180+1"]
[EndTime "12:12:06 PST"]
[Termination "Game drawn - insufficient material"]

1. d4 d5 2. Bf4 Nf6 3. e3 c5 4. c3 Nc6 5. Bd3 e6 6. Nf3 Bd6 7. Bg3 O-O 8. Nbd2 c4 9. Bc2 b5 10.
a3 a5 11. e4 dxe4 12. Nxe4 Nxe4 13. Bxe4 Bb7 14. Qe2 h6 15. O-O Bxg3 16. hxg3 Qc7 17. Rae1 Ne7 18. Bb1 Rfd8 19. Ne5 b4 20. axb4 axb4 21.
f4 bxc3 22. bxc3 Ra3 23. f5 Rxc3 24. Nxf7 Rxg3 25. Rf2 Nxf5 26. Qxe6 Qxf7 27. Qxf7+ Kxf7 28. Bxf5 Kg8 29. Be6+ Kh8 30. Bxc4 Rxd4 31. Re8+ Kh7 32. Bg8+ Kg6 33. Bf7+ Kg5 34. Re5+ Kh4 35. Kh2 Rxg2+ 36. Rxg2 Bxg2 37. Kxg2 Rd2+ 38. Kf3 g5 39. Re6 g4+ 40. Ke3 Rd8 41. Rxh6+ Kg3 42. Rg6 Rd7 43. Be6 Re7 44.
Kd2 Kf2 45. Bxg4 Rf7 46. Kd3 Rf4 47. Be6 Rf8 48. Bd5 Rf4 49. Rg2+ Kf1 50. Ra2 Rf5 51. Be4 Rf8 52. Ke3 Kg1 53. Ra1+ Kh2 54. Rh1+ Kg3 55. Rg1+ Kh4 56. Kd4 Kh5 57. Ke5 Re8+ 58. Kf4 Rf8+ 59. Bf5 Kh6 60. Rg6+ Kh5 61. Rg7 Rf6 62. Rh7+ Rh6 63.
Rg7 Ra6 64. Rh7+ Rh6 65. Ra7 Rb6 66. Ra1 Rb4+ 67. Be4 Kh6 68. Kf5 Rb5+ 69. Kf6 Rb6+ 70. Ke5 Kg5 71. Bd5 Kg4 72. Rg1+ Kh3 73. Kf4 Rf6+ 74.
Kg5 Rf2 75. Be4 Rf8 76. Bg6 Ra8 77. Rg4 Ra5+ 78. Bf5 Kh2 79. Ra4 Rxa4 80. Kf6 Rf4 81.
Kg5 Rxf5+ 82. Kxf5 1/2-1/2

[Event "*** Titled Tuesday Blitz"]
[Site "Chess.com"]
[Date "2020.11.03"]
[Round "11"]
[White "crazy_but_lazy"]
[Black "dosto07"]
[Result "1-0"]
[WhiteElo "2467"]
[BlackElo "2357"]
[TimeControl "180+1"]
[EndTime "12:12:15 PST"]
[Termination "crazy_but_lazy won on time"]

1. Nf3 d5 2. c4 d4 3. e3 Nc6 4. exd4 Nxd4 5. Nxd4 Qxd4 6. d3 Nh6 7. Nc3 c6 8. Be3 Qd8 9. d4 Nf5 10. Qf3 Nxd4 11.
Bxd4 Qxd4 12. Rd1 Qe5+ 13. Be2 g6 14. O-O Bg7 15. Rfe1 O-O 16. Bd3 Qc7 17. Qe3 Be6 18.
Ne4 Bf5 19. Nc5 Bxd3 20. Rxd3 Rad8 21. b3 e6 22. Red1 Rxd3 23. Qxd3 Be5 24. g3 Kg7 25. Qd7 Qxd7 26. Rxd7 Re8 27. Rxb7 Bd4 28. Nd7 e5 29. c5 Re7 30. b4 a6 31. a4 e4 32.
Kf1 e3 33. fxe3 Rxe3 34. Nb8 a5 35. bxa5 Bxc5 36. a6 Ra3 37. Nxc6 Rxa4 38. Rb5 Ra1+ 39.
Kg2 Bg1 40. Ra5 Rxa5 41. Nxa5 Bb6 42. Nc6 Kf6 43. a7 Bxa7 44. Nxa7 Ke5 45. Nc6+ Ke4 46.
Nd8 f5 47. Ne6 Ke5 48. Nf8 Kf6 49. Nxh7+ Kg7 50. Ng5 Kf6 51. h4 Ke5 52. Kf3 Kf6 53. Kf4 Kg7 54. Nf3 Kf6 55. Ne5 Kg7 56. Kg5 Kh7 57.
Nxg6 Kg7 58. Nf4 Kh7 59. Kxf5 Kg7 60. Ne2 Kh6 61. Nc3 Kh5 62. Kf4 Kh6 63. g4 Kg6 64.
Ne2 Kh6 65. Ng3 Kg6 66. Nh1 Kh6 67. Nf2 Kg6 68. Nd1 Kh6 69. Nc3 Kg6 70. Ke5 Kh6 71. Kf6 Kh7 72. g5 Kg8 73. g6 Kh8 74. g7+ Kg8 75. Nd5 Kh7 76. Ne7 Kh6 77. g8=Q 1-0

[Event "*** Titled Tuesday Blitz"]
[Site "Chess.com"]
[Date "2020.11.03"]
[Round "11"]
[White "Oglob71"]
[Black "goldenpuppy"]
[Result "0-1"]
[WhiteElo "2463"]
[BlackElo "2389"]
[TimeControl "180+1"]
[EndTime "12:12:17 PST"]
[Termination "goldenpuppy won by checkmate"]

1. d4 Nf6 2. Nf3 e6 3. e3 c5 4. Bd3 d5 5. c3 Nc6 6. Nbd2 b6 7. O-O Bb7 8. Qe2 Be7 9. Re1 O-O 10. Ba6 Qc7 11. Bxb7 Qxb7 12. dxc5 Bxc5 13. e4 dxe4 14.
Nxe4 Nxe4 15. Qxe4 Rfd8 16. Qg4 Ne7 17. Bg5 Rd5 18.
Bxe7 Qxe7 19. h4 Rad8 20. b4 Bd6 21. g3 Bb8 22. Qe4 Qf6 23. Re3 a5 24. Ng5 g6 25.
Rf3 Rf5 26. Rxf5 exf5 27. Qc4 axb4 28. Qxb4 Be5 29. Rc1 f4 30. Ne4 Qf5 31. Qxb6 Re8 32. Qc6 Rc8 33. Qd5 f3 34. Nd2 Qf6 35. Qxf3 Qb6 36.
c4 Qb2 37. Nb3 Qxa2 38. c5 Rb8 39. Qd5 Bb2 40. c6 Bxc1 41. c7 Rf8 42. Qd8 Qa6 43. Nxc1 Qc6 44. Ne2 Qe8 45. Qd2 Qc8 46. Qd6 Re8 47.
Nf4 Qb7 48. Kh2 Re1 49. Qd8+ Kg7 50. Qd4+ Kh6 51. Ng2 Re8 52. Qd7 Rc8 53. Qxf7 Rxc7 54. Qf8+ Rg7 55. Nf4 Qf7 56. Qc5 Rg8 57. Qg5+ Kg7 58.
Nh5+ Kf8 59. Qd8+ Qe8 60. Qd6+ Qe7 61. Qf4+ Ke8 62. Qb8+ Qd8 63. Qb5+ Kf7 64. Qc4+ Ke7 65. Qe4+ Kd7 66. Nf4 Re8 67. Qd5+ Kc8 68. Qc6+ Kb8 69.
Qb5+ Kc7 70. h5 Qd6 71. Qc4+ Qc6 72. Qf7+ Kb6 73. hxg6 hxg6 74. Nxg6 Re6 75. Kh3 Rxg6 76. Qb3+ Kc7 77. g4 Qh1+ 78. Kg3 Qg1+ 79. Kf3 Qxg4+ 80.
Ke3 Re6+ 81. Kd2 Qe2+ 82. Kc1 Rc6+ 83. Kb1 Rb6 84. Qxb6+ Kxb6 85. f4 Kc5 86. f5 Kb4 87.
f6 Kb3 88. f7 Qe1# 0-1

[Event "*** Titled Tuesday Blitz"]
[Site "Chess.com"]
[Date "2020.11.03"]
[Round "11"]
[White "Nemsko"]
[Black "Gerodot71"]
[Result "0-1"]
[WhiteElo "2375"]
[BlackElo "2493"]
[TimeControl "180+1"]
[EndTime "12:12:19 PST"]
[Termination "Gerodot71 won by resignation"]

1. e4 e5 2. Nf3 Nc6 3. Bb5 a6 4.
Ba4 Nf6 5. O-O Be7 6. Re1 b5 7. Bb3 d6 8. c3 O-O 9. h3 Nb8 10. d4 Nbd7 11. Nbd2 Bb7 12. Bc2 Re8 13. Nf1 Bf8 14. Ng3 g6 15. b3 c6 16. Be3 Qc7 17. Qd2 exd4 18. cxd4 c5 19. Bh6 Bg7 20. Bxg7 Kxg7 21.
Qg5 Kh8 22. Rac1 Qd8 23. Qd2 Qe7 24. Ng5 Rad8 25. Re2 Qf8 26. Rce1 Kg8 27. Nf3 cxd4 28.
Qxd4 Ne5 29. Qe3 Rc8 30. Nd4 Kh8 31. Bb1 Qg7 32. f4 Nc6 33. Nxc6 Bxc6 34. Qd4 Rcd8 35. Rc1 Ba8 36. Rc7 Kg8 37. Kh2 Nxe4 38. Qxg7+ Kxg7 39. Nxe4 d5 40. Ng3 Rxe2 41. Nxe2 d4 42. Bd3 Kf8 43.
Kg1 f5 44. Kf2 Be4 45. Nc1 Re8 46. Rxh7 Re6 47. Rh8+ Ke7 48. Rc8 Kd7 49. Rc2 Rd6 50. Rd2 Ke6 51. Ne2 Kd5 52. Bxe4+ Kxe4 53. Ng3+ Kxf4 54.
Ne2+ Ke4 55. Nc1 d3 56. g3 g5 57. a4 b4 58. Na2 a5 59. Nc1 Rd5 60. h4 gxh4 61.
gxh4 f4 62. Nxd3 Rh5 63. Nc1 Rxh4 64. Re2+ Kd4 65. Rd2+ Kc3 66. Rd3+ Kc2 67. Rf3 Kxc1 68. Ke2 Kc2 69. Kf1 Rh2 70. Kg1 Rh5 71. Rxf4 Kxb3 72.
Rf3+ Kxa4 73. Kf2 Re5 74. Kf1 b3 75. Rf4+ Ka3 76. Rf2 b2 77. Rf3+ Ka2 0-1

[Event "*** Titled Tuesday Blitz"]
[Site "Chess.com"]
[Date "2020.11.03"]
[Round "11"]
[White "lefonghua"]
[Black "Dinamo3"]
[Result "1/2-1/2"]
[WhiteElo "2339"]
[BlackElo "2406"]
[TimeControl "180+1"]
[EndTime "12:12:19 PST"]
[Termination "Game drawn - insufficient material"]

1. d4 Nf6 2. c4 g6 3. Nc3 Bg7 4. e4 O-O 5. f4 d6 6. Nf3 Na6 7.
Be2 e5 8. fxe5 dxe5 9. d5 Nc5 10.
Bg5 h6 11. Bxf6 Bxf6 12. b4 Na6 13. a3 Bg7 14. c5 Bg4 15. O-O f5 16. h3 Bh5 17. Qb3 Kh7 18. Rad1 f4 19. c6 Qc8 20. Bxa6 bxa6 21. Na4 g5 22. Nc5 g4 23. hxg4 Qxg4 24. Ne6 Rf7 25. d6 cxd6 26. Rxd6 Rg8 27.
Rf2 Bf6 28. c7 Re7 29. Rd8 Rxc7 30. Nxc7 Bxd8 31. Nd5 Rg7 32. Nxe5 Qg5 33. Nf3 Qg3 34. Qc3 Bf7 35. Nf6+ Kh8 36. Nd5 Bxd5 37. exd5 Bb6 38. Qc8+ Kh7 39. Qf5+ Qg6 40. Qxg6+ Kxg6 41. Kf1 Bxf2 42.
Kxf2 Kf5 43. Nd4+ Ke4 44. Ne6 Rg6 45. Nc7 h5 46. a4 h4 47. b5 axb5 48. axb5 f3 49.
gxf3+ Ke5 50. Ne6 h3 51. f4+ Kxd5 52. f5 Rg4 53. Kf3 h2 54. Kxg4 h1=Q 55. Nf4+ Kc5 56. f6 Qh7 57. Kg5 Kxb5 58. Ng6 a5 59. Ne5 a4 60. f7 Qg7+ 61. Kf5 a3 62. Ke6 a2 63.
Nd7 a1=Q 64. f8=Q Qxf8 65. Nxf8 Qe1+ 66. Kf6 Kc6 67. Ne6 Qf2+ 68. Ke5 Qe3+ 69. Kf6 Kd6 70.
Ng5 Qe5+ 71. Kg6 Ke7 72. Nh7 Qg3+ 73. Kh5 Qh3+ 74. Kg6 Qg4+ 75. Ng5 Qg3 76. Kf5 Qd6 77. Ne4 Qd5+ 78. Kf4 Ke6 79. Ng5+ Kd6 80. Ne4+ Ke7 81. Ng5 Qd4+ 82. Kf5 Qh4 83. Ne4 Kd7 84. Ke5 Qg4 85.
Nf6+ Ke7 86. Nxg4 1/2-1/2

[Event "*** Titled Tuesday Blitz"]
[Site "Chess.com"]
[Date "2020.11.03"]
[Round "11"]
[White "Harsha_Bharathakoti"]
[Black "dropstoneDP"]
[Result "1/2-1/2"]
[WhiteElo "2824"]
[BlackElo "2913"]
[TimeControl "180+1"]
[EndTime "12:12:21 PST"]
[Termination "Game drawn by stalemate"]

1. d4 Nf6 2. c4 e6 3. Nc3 Bb4 4. e3 O-O 5. Bd3 d5 6. a3 Bxc3+ 7. bxc3 c5 8. Ne2 dxc4 9. Bxc4 b6 10. O-O Ba6 11. Ba2 Nc6 12. f3 Nd5 13. Bd2 Qg5 14. Rf2 cxd4 15. cxd4 Rac8 16. Ng3 Na5 17. Qe1 Qh4 18.
Bxa5 bxa5 19. Bxd5 exd5 20. Qxa5 Bc4 21. Qxa7 Rfe8 22.
Re1 Ra8 23. Qc5 Rec8 24. Qd6 Rd8 25. Qf4 Qxf4 26. exf4 Rxa3 27. Rd2 g6 28. f5 Kg7 29. fxg6 hxg6 30. Kf2 Rb8 31. Nf1 Bxf1 32. Rxf1 Rb4 33.
Rc1 Raa4 34. Ke3 Ra3+ 35. Ke2 Raa4 36. Rcd1 Kf6 37. Ke3 Kg5 38. g3 Rb3+ 39. Kf2 Raa3 40. f4+ Kf5 41. Re2 Kg4 42. Kg2 Re3 43. Rdd2 Kf5 44.
Rxe3 Rxe3 45. Kf2 Re4 46. Kf3 Re1 47. g4+ Kf6 48. Rc2 Re4 49. Rd2 g5 50. fxg5+ Kxg5 51. h3 Kh4 52. Kg2 Re3 53. Rf2 Rg3+ 54. Kf1 Rxh3 55.
Rxf7 Kxg4 56. Rd7 Kf3 57. Ke1 Ke3 58. Re7+ Kd3 59. Ra7 Rh1+ 60. Kf2 Kxd4 61. Ke2 Kc3 62. Rc7+ Kb3 63. Rb7+ Kc4 64. Rc7+ Kd4 65. Ra7 Rh2+ 66. Kd1 Ke3 67. Ra3+ Ke4 68. Rb3 Rf2 69. Ke1 Rf3 70. Rxf3 Kxf3 71. Kd2 Ke4 72. Ke2 Kd4 73. Kd2 Kc4 74.
Kc2 d4 75. Kd2 d3 76. Kd1 Kc3 77. Kc1 d2+ 78. Kd1 Kd3 1/2-1/2

[Event "*** Titled Tuesday Blitz"]
[Site "Chess.com"]
[Date "2020.11.03"]
[Round "11"]
[White "Jungle_Jaguar"]
[Black "tptagain"]
[Result "1-0"]
[WhiteElo "2645"]
[BlackElo "2912"]
[TimeControl "180+1"]
[EndTime "12:12:22 PST"]
[Termination "Jungle_Jaguar won on time"]

1. e4 e5 2. Nf3 Nc6 3. Bb5 a6 4. Ba4 d6 5. O-O Bd7 6. d4 b5 7. Bb3 Nxd4 8. Nxd4 exd4 9. Qh5 Qe7 10. c3 Nf6 11.
Qh4 Nxe4 12. Qxe7+ Bxe7 13. Bd5 O-O-O 14. Bxe4 Bf6 15.
a4 Rhe8 16. Bf3 bxa4 17. cxd4 Bxd4 18. Nc3 Re5 19. Bd2 g5 20. Nxa4 g4 21. Bd1 Bb5 22.
Bxg4+ f5 23. Bf3 Bxf1 24. Kxf1 Rde8 25. Nc3 a5 26. g3 Kd7 27. Ra4 Bb6 28. Nd5 Rb8 29. Bc3 Re6 30. Rh4 h6 31. Nf6+ Ke7 32.
Rxh6 a4 33. Bd5 Re5 34. Bxe5 dxe5 35. Bc6 Bd4 36. Nd5+ Kf7 37. Bxa4 Kg7 38. Rc6 Rxb2 39. Rxc7+ Kg6 40. Rc2 Rb1+ 41. Kg2 Kg5 42. h4+ Kg6 43.
Be8+ Kg7 44. Bd7 Kg6 45. Ne3 f4 46. gxf4 exf4 47. Nd5 Kh5 48. Nxf4+ Kxh4 49. Rc4 Bf6 50. Nd5+ Kg5 51. Rg4+ Kh6 52. Nxf6 Rg1+ 53. Kf3 Rg3+ 54. Ke4 Re3+ 55. Kd5 Re5+ 56. Kd4 Rf5 57. Ne4 Ra5 58.
Rh4+ Kg6 59. Rg4+ Kh6 60. Rg3 Ra1 61. Ke3 Rd1 62. Bf5 Ra1 63. Kf4 Ra5 64. Rh3+ Kg7 65. Rh7+ Kg8 66. Rb7 Kf8 67. f3 Ra1 68. Be6 Ra5 69. Bc4 Rh5 70. Rc7 Rh1 71. Ke3 Re1+ 72.
Kf4 Rd1 73. Ng5 Ra1 74. Ne6+ Kg8 75. Kf5 Kh8 76. f4 Rg1 77. Rc8+ Kh7 78. Ng5+ 1-0

[Event "*** Titled Tuesday Blitz"]
[Site "Chess.com"]
[Date "2020.11.03"]
[Round "11"]
[White "Oligan22"]
[Black "Jeffinho023"]
[Result "1/2-1/2"]
[WhiteElo "2420"]
[BlackElo "2537"]
[TimeControl "180+1"]
[EndTime "12:12:34 PST"]
[Termination "Game drawn - insufficient material"]

1. e4 e6 2. d4 d5 3. Nd2 dxe4 4. Nxe4 Bd7 5. Nf3 Bc6 6. Bd3 Nd7 7. O-O Ngf6 8. Bg5 Be7 9. Ned2 h6 10. Bh4 Nd5 11. Bxe7 Qxe7 12. Re1 Nf4 13. Bf1 Qf6 14. c4 Qg6 15. g3 O-O-O 16. Qb1 Qxb1 17. Raxb1 Ng6 18. b4 Nf6 19. b5 Bxf3 20. Nxf3 Rhe8 21. h4 Ne7 22.
Ne5 Rf8 23. Rbd1 Nf5 24. d5 exd5 25. Bh3 g6 26. g4 Nxh4 27. g5+ Nd7 28. Nxd7 Rxd7 29.
Bxd7+ Kxd7 30. Rxd5+ Kc8 31. Re3 Nf5 32. Red3 hxg5 33.
c5 Re8 34. Kf1 a6 35. a4 axb5 36. axb5 Ng7 37. Rd7 Rf8 38. b6 cxb6 39. cxb6 Ne6 40. Re7 Nd8 41. Rdd7 Kb8 42. Kg2 f5 43. f3 Rg8 44. Kg3 Rf8 45. Rh7 Re8 46. Rhe7 Rf8 47. Rg7 g4 48. fxg4 fxg4 49. Kxg4 Kc8 50. Rc7+ Kb8 51.
Rxg6 Re8 52. Rgg7 Re6 53. Rcd7 Re8 54. Rge7 Rg8+ 55. Kf5 Rf8+ 56. Kg6 Nc6 57. Rxb7+ Ka8 58. Rec7 Rd8 59. Rd7 Rc8 60. Rdc7 Rg8+ 61. Kf5 Rd8 62.
Ke4 Rd4+ 63. Ke3 Rd8 64. Rd7 Re8+ 65. Kf2 Rc8 66. Rdc7 Rf8+ 67. Rf7 Re8 68. Rbc7 Ne5 69. Ra7+ Kb8 70. Rfb7+ Kc8 71. Ra8+ Kxb7 72. Rxe8 Nc6 73. Re6 Kxb6 74. Ke3 Kc5 75. Ke4 Nb4 76. Re5+ Kc6 77. Re8 Kc5 78. Rc8+ Nc6 79. Rc7 Kd6 80. Rh7 Kc5 81.
Rh5+ Kd6 82. Kd3 Ke6 83. Kc4 Ne5+ 84. Kd4 Nc6+ 85. Ke4 Kd6 86. Rh6+ Kc5 87. Rg6 Nb4 88. Re6 Nc6 89. Re8 Nb4 90. Ke3 Nc6 91. Re4 Kd5 92.
Kd3 Ne5+ 93. Rxe5+ Kxe5 1/2-1/2

[Event "*** Titled Tuesday Blitz"]
[Site "Chess.com"]
[Date "2020.11.03"]
[Round "11"]
[White "Anna_ChessMate"]
[Black "XDPS"]
[Result "0-1"]
[WhiteElo "2534"]
[BlackElo "2675"]
[TimeControl "180+1"]
[EndTime "12:12:35 PST"]
[Termination "XDPS won on time"]

1. d4 d5 2. c4 e6 3. Nf3 a6 4.
cxd5 exd5 5. Nc3 Nf6 6. Bg5 Be6 7. e3 Nbd7 8. Bd3 Bd6 9. O-O O-O 10. Rc1 c6 11. Qc2 Qb8 12. Rfe1 Bg4 13. h3 Bh5 14.
Bxf6 Nxf6 15. Ng5 Bg6 16. f4 Bxd3 17. Qxd3 Re8 18. a3 Qd8 19. Nf3 Re6 20. Ne5 Bf8 21.
b4 Ne8 22. Na4 f6 23. Nf3 Nd6 24. Nc5 Re7 25. Nd2 a5 26. Qb3 Kh8 27. Ra1 Qe8 28. Nf1 axb4 29. axb4 Nb5 30. Rxa8 Qxa8 31. Qb2 Qe8 32.
Ra1 Nd6 33. Qa2 Nf5 34. Qa8 Nxe3 35. Qxe8 Rxe8 36. Re1 b6 37. Nd3 Re4 38. Rxe3 Rxd4 39. Re8 Kg8 40. Nf2 Rxf4 41. Rc8 Rc4 42. Ne3 Rc1+ 43. Kh2 Kf7 44. Nxd5 Bd6+ 45. g3 Rc2 46. Kg1 Bxg3 47. Ne4 Be5 48. Nxb6 Bd4+ 49. Kf1 Bxb6 50. Ke1 Kg6 51. Kd1 Rc4 52. Nd2 Rxb4 53. Rxc6 Be3 54. Nf3 Bg5 55. Ke2 Re4+ 56. Kf1 h5 57. Ra6 Rb4 58. Kg2 Rb2+ 59. Kf1 Bf4 60. Kg1 Be3+ 61. Kh1 Rf2 62. Nh4+ Kg5 63. Ra4 Rf1+ 64. Kg2 Rf2+ 65. Kh1 Rf4 66. Rxf4 Bxf4 67. Ng2 Bg3 68. Kg1 Kf5 69.
Kf1 Ke4 70. Ke2 g5 71. Ne3 f5 72. Nc4 Bf4 73. Kf2 g4 74. hxg4 hxg4 75. Na3 Be3+ 76. Kg2 f4 77. Nc2 Bd2 78. Na3 Be1 79. Nc2 f3+ 80.
Kf1 Bh4 81. Na3 g3 82. Nc4 Bg5 0-1

[Event "*** Titled Tuesday Blitz"]
[Site "Chess.com"]
[Date "2020.11.03"]
[Round "11"]
[White "Radzio1987"]
[Black "Shield12"]
[Result "0-1"]
[WhiteElo "2813"]
[BlackElo "2917"]
[TimeControl "180+1"]
[EndTime "12:13:01 PST"]
[Termination "Shield12 won on time"]

1. c4 c5 2. g3 g6 3. Bg2 Bg7 4.
Nc3 Nc6 5. b3 e6 6. Ba3 d6 7. e3 Nge7 8. Nge2 O-O 9. O-O e5 10.
Bb2 Bf5 11. d3 Qd7 12. Re1 Bh3 13. Bh1 h5 14. Qd2 h4 15. Ne4 hxg3 16. hxg3 b6 17. Ng5 Rad8 18. Nxh3 Qxh3 19. Bg2 Qg4 20. Nc3 Bh6 21.
Qe2 Qxe2 22. Rxe2 Nb4 23. Rd1 Nbc6 24. f4 f5 25. Kf2 Bg7 26. Nd5 Kf7 27. Rh1 Rh8 28.
Rxh8 Rxh8 29. a3 Ke8 30. Nc3 exf4 31. gxf4 Kd7 32. Nb5 Bxb2 33. Rxb2 g5 34. fxg5 Rg8 35. Rb1 Rxg5 36. Rh1 Ne5 37. Bf1 a6 38. Nc3 Rg7 39. Rh8 N7g6 40. Ra8 Ng4+ 41. Ke2 Re7 42. Nd5 Re5 43.
Ra7+ Kd8 44. Kd2 Ne7 45. d4 cxd4 46. exd4 Re4 47. Bd3 Rxd4 48. Nxe7 Ne5 49. Nxf5 Rxd3+ 50. Kc2 a5 51. Ne7 a4 52. bxa4 Rxa3 53. Nd5 Nxc4 54. Nf6 Kc8 55. Nd5 Kb8 56. Rh7 Ne3+ 57. Nxe3 Rxe3 58.
Kb2 Re5 59. Kb3 Rc5 60. Kb4 Rc7 61. Rh6 Rc6 62. Kb5 Kb7 63. Rh7+ Rc7 64. Rh8 Rc5+ 65. Kb4 d5 66. Rh7+ Ka6 67. Rd7 Rc4+ 68. Kb3 Rd4 69. Ka3 Rd1 70. Kb3 Rd3+ 71. Kb2 Ka5 72. Kc2 Rd4 73.
Ra7+ Kb4 74. Rb7 Kc5 75. Rc7+ Kd6 76. Ra7 Rc4+ 77. Kb3 Rg4 78. a5 b5 79. Rb7 Kc6 80.
Rb6+ Kc5 81. Rb8 Rg3+ 82. Kb2 Kb4 83. a6 Rg2+ 84. Kb1 Rg1+ 85. Kb2 Rg2+ 86. Kb1 Rg7 87. Rb7 Rg1+ 88. Kc2 Rg2+ 89. Kd3 Ra2 90. a7 Kc5 91. Rh7 Ra3+ 92. Kc2 Kb6 0-1

[Event "*** Titled Tuesday Blitz"]
[Site "Chess.com"]
[Date "2020.11.03"]
[Round "11"]
[White "dretch"]
[Black "mishanick"]
[Result "1/2-1/2"]
[WhiteElo "2845"]
[BlackElo "3006"]
[TimeControl "180+1"]
[EndTime "12:13:52 PST"]
[Termination "Game drawn by 50-move rule"]

1. d4 Nf6 2. c4 e6 3. Nc3 Bb4 4. Qc2 O-O 5. e4 d5 6. e5 Ne4 7. Bd3 c5 8. Nf3 cxd4 9. Nxd4 Nd7 10. Bf4 Qh4 11. g3 Qh5 12. O-O g5 13. cxd5 Bxc3 14. bxc3 exd5 15. e6 fxe6 16. Be3 Ndf6 17. Be2 Qg6 18.
f3 Nd6 19. Qxg6+ hxg6 20. Bxg5 e5 21. Nb5 Nxb5 22. Bxb5 Bd7 23. a4 Rac8 24. Bxd7 Nxd7 25. Rad1 Rxc3 26. Rxd5 Rf7 27. a5 Rc5 28. Rfd1 Rxd5 29. Rxd5 Kf8 30. Kf2 Ke8 31. Ke3 Rf5 32. h4 b6 33. a6 Nc5 34. Rd8+ Kf7 35. g4 Rxg5 36. hxg5 Nxa6 37. Rd7+ Ke6 38. Rxa7 Nb4 39. Rg7 Nd5+ 40. Ke4 Ne7 41. Rh7 b5 42. Rh8 b4 43. Rb8 Nd5 44. Kd3 Nf4+ 45. Kc4 Nh3 46. Rb6+ Kf7 47. Rxb4 Nxg5 48.
Rb3 e4 49. fxe4 Nxe4 50. Kd4 Nf6 51. g5 Nh5 52. Ke5 Kf8 53. Rb7 Kg8 54. Ke6 Kf8 55. Ra7 Kg8 56. Rf7 Kh8 57. Ke7 Kg8 58. Rf8+ Kg7 59.
Rf2 Kg8 60. Ke6 Kg7 61. Ra2 Kf8 62. Ra7 Kg8 63. Ke7 Kg7 64. Ke8+ Kg8 65. Rb7 Nf4 66. Ke7 Nh5 67. Ke6 Kf8 68. Rh7 Kg8 69. Ra7 Kf8 70. Rb7 Kg8 71. Ke5 Kf8 72. Rb6 Kf7 73. Ra6 Kg7 74. Ke6 Kf8 75. Kd7 Kf7 76. Rb6 Ng3 77. Rf6+ Kg7 78. Ke6 Ne4 79. Rf7+ Kg8 80.
Rf4 Nxg5+ 81. Kf6 Nh7+ 82. Kxg6 Nf8+ 83. Kf6 Nh7+ 84. Ke7 Kg7 85. Rg4+ Kh6 86. Ke6 Ng5+ 87. Kf5 Nh7 88. Rg1 Nf8 89. Kf6 Nh7+ 90. Ke5 Kh5 91. Kf5 Kh6 92. Rg6+ Kh5 93. Ra6 Nf8 94. Ra8 Nh7 95. Rg8 Kh6 96. Rg2 Nf8 97. Rh2+ Kg7 98. Ke5 Kf7 99. Rf2+ Ke7 100. Ra2 Nd7+ 101. Kd5 Nf6+ 102. Kc5 Nd7+ 103. Kc6 Ne5+ 104. Kd5 Nf7 105. Ra6 Ng5 106.
Rg6 Nf7 107. Re6+ Kd7 108. Re2 Nd8 109. Rh2 Nf7 110.
Rh7 Ke7 111. Rh5 Kf6 112. Rh1 Ke7 113. Rf1 Nd8 114. Ke5 Nc6+ 115. Ke4 Ke6 116. Rh1 Kd6 117. Rh6+ Kc5 118. Rh5+ Kc4 119. Rh8 Kc5 120. Rc8 Kd6 121. Rg8 Kc5 122. Rg6 Nb4 123. Ke3 Nd5+ 124. Ke4 Nc3+ 125. Ke5 Nd5 126. Rg8 Nc7 127. Rc8 Kc6 128. Rd8 Nb5 129. Rd1 Kc5 130. Rc1+ Kb4 131. Kd5 Nc3+ 132. Kd6 1/2-1/2